 Dungeon Sprint DCSS version 0.31-a0-325-g067879e3d3 (webtiles) character file.

Game seed: 14130922812210286165

917 Conn the Arsonist (level 8, -1/48 HPs)
             Began as an Octopode Fire Elementalist on July 18, 2023.
             Was an Initiate of Sif Muna.
             Slain by a fire elemental (6 damage)
             ... summoned by a deep elf pyromancer
             ... in the Dungeon (Sprint III: "The Ten Rune Challenge").
             The game lasted 00:06:29 (301 turns).

Conn the Arsonist (Octopode Fire Elementalist)       Turns: 301, Time: 00:06:29

Health: -1/48      AC:  3    Str:  7    XL:     8   Next: 9%
Magic:  10/19      EV: 14    Int: 19    God:    Sif Muna [......]
Gold:   37         SH:  0    Dex: 13    Spells: 11/22 levels left

rFire   + .          .
                       - Unarmed
rCold   . . .        (no shield)
rNeg    . . .        (helmet restricted)
rPois   .            (no amulet)
rElec   .            (no ring)
rCorr   .            (no ring)
SInv    +            (no ring)
Will    .....        (no ring)
Stlth   ++           (no ring)
HPRegen 0.28/turn    (no ring)
MPRegen 0.16/turn    (no ring)
                     (no ring)

%: no teleportation
@: brilliant, on fire, glowing
A: almost no armour, amphibious, 8 rings, camouflage 1, gelatinous body 1,
(nimble swimmer 1), tentacles, fangs 1, iridescent scales 1, see invisible, fire
resistance 1
a: Renounce Religion


You were in the Dungeon.
You worshipped Sif Muna.
Sif Muna was noncommittal.
You visited 1 branch You collected 37 gold pieces.

Inventory:

Hand Weapons
 c - a +0 dagger
Scrolls
 g - a scroll of immolation {unknown}
 i - a scroll of identify {unknown}
 k - a scroll of poison {unknown}
 l - a scroll of enchant armour {unknown}
Potions
 a - a potion of magic
 b - a potion of curing
 m - 2 potions of enlightenment
 n - 4 potions of mutation


   Skills:
 + Level 1.1 Fighting
 + Level 4.9 Dodging
 + Level 6.2 Stealth
 - Level 8.8 Unarmed Combat
 * Level 7.9 Spellcasting
 * Level 4.9 Conjurations
 + Level 9.6 Fire Magic


You had 11 spell levels left.
You knew the following spells:

 Your Spells              Type           Power      Damage    Failure   Level
a - Foxfire               Conj/Fire      100%       2x1d9     1%          1
b - Scorch                Fire           100%       2d9       1%          2
c - Inner Flame           Hex/Fire       38%        N/A       3%          3
d - Flame Wave            Conj/Fire      52%        2d13      4%          4
e - Summon Small Mammal   Summ           44%        N/A       10%         1

Your spell library contained the following spells:

 Spells                   Type           Power      Damage    Failure   Level
 Volatile Blastmotes      Fire/Tloc      76%        2d16      3%          3
 Apportation              Tloc           22%        N/A       10%         1
 Necrotise                Necr           44%        1d6       10%         1


Dungeon Overview and Level Annotations

Branches:
Dungeon (1/1)

Altars:
Elyvilon
Kikubaaqudgha
Okawaru
Sif Muna
Trog
Uskayaw
Vehumet
Wu Jian
Zin
The Shining One


Innate Abilities, Weirdness & Mutations

You cannot wear most types of armour.
You are amphibious.
You can wear up to eight rings at the same time.
Your skin changes colour to match your surroundings (Stealth+).
Your rubbery body absorbs attacks. (AC +1, EV +1)
((You are camouflaged when in or above water. (Stealth+)))
You have tentacles for arms and can constrict up to eight enemies at once.
You have very sharp teeth.
You are partially covered in iridescent scales. (AC +2)
You have supernaturally acute eyesight. (SInv)
Your flesh is heat resistant. (rF+)


Message History

Flame seeps out of the deep elf pyromancer.
Unknown command.
Casting: Scorch (safe; 1% risk of failure)
Confirm with . or Enter, or press ? or * to list all spells.
You feel a surge of power!
Flames lash the fire elemental.
The fire elemental completely resists.
The deep elf pyromancer gestures at you while chanting.
The sticky flame hits you. You resist.
You are covered in liquid flames!
Casting: Scorch (safe; 1% risk of failure)
Confirm with . or Enter, or press ? or * to list all spells.
You feel a surge of power!
Flames lash the fire elemental.
The fire elemental completely resists.
You are covered in liquid flames!
Unknown command.
You are covered in liquid flames!
You are no longer on fire.
The deep elf pyromancer gestures at you while chanting.
The sticky flame hits you. You resist.
You are covered in liquid flames!
The fire elemental hits you. The fire elemental burns you! You resist.
* * * LOW HITPOINT WARNING * * *
There is an open door here.
Unknown command.
Unknown command.
You are covered in liquid flames!
* * * LOW HITPOINT WARNING * * *
Things that are here:
a +0 dagger; a +0 robe Unknown command.
Unknown command.
Casting: Scorch (safe; 1% risk of failure)
Confirm with . or Enter, or press ? or * to list all spells.
You feel a surge of power!
You are covered in liquid flames!
* * * LOW HITPOINT WARNING * * *
The fire elemental hits you.
* * * LOW HITPOINT WARNING * * *
The fire elemental burns you! You resist.
You die...

#.......#..#..#e..#__.#
##.##...#..#..###'#'###+##
##.###..##'#..#....○.....#
###.##..###...'.⌠..○.....#
#..##..####...#..E######+#
†..##..###....#.○e#
..##...##.[...#E..#
.##....#.†....#E###
###..##.#.....#b@)# #
#..#####....#___# ▓ ▓▓▓▓
▓▓▓▓▓▓▓▓▓▓


You could see 2 fire elementals and a friendly bat (summoned).

Vanquished Creatures
  A water elemental (D)
  A scorpion (D)
  Jessica (D)
  A wizard (D)
  A kobold demonologist (D)
  3 humans (D)
  An endoplasm (D)
  A rat (D)
10 creatures vanquished.

Vanquished Creatures (others)
  15 foxfires (D)
15 creatures vanquished.

Grand Total: 25 creatures vanquished

Notes
Turn   | Place    | Note
-------+----------+-------------------------------------------
     0 | D        | Conn the Octopode Fire Elementalist began the quest for the
                  | Orb.
     0 | D        | Reached XP level 1. HP: 11/11 MP: 3/3
    56 | D        | Noticed Jessica
    69 | D        | Killed Jessica
    70 | D        | Reached skill level 5 in Fire Magic
    70 | D        | Reached XP level 2. HP: 17/17 MP: 0/6
    70 | D        | Reached XP level 3. HP: 21/21 MP: 0/7
    86 | D        | Learned a level 2 spell: Scorch
    89 | D        | Noticed a scorpion
   107 | D        | Killed a scorpion
   108 | D        | Reached skill level 6 in Fire Magic
   108 | D        | Reached XP level 4. HP: 27/27 MP: 1/10
   112 | D        | Reached skill level 7 in Fire Magic
   136 | D        | Gained mutation: You have very sharp teeth. [potion of
                  | mutation]
   136 | D        | Gained mutation: Your flesh is heat resistant. (rF+)
                  | [potion of mutation]
   136 | D        | Gained mutation: You have supernaturally acute eyesight.
                  | (SInv) [potion of mutation]
   136 | D        | Gained mutation: You are partially covered in iridescent
                  | scales. (AC +2) [potion of mutation]
   162 | D        | Learned a level 3 spell: Inner Flame
   167 | D        | Learned a level 4 spell: Flame Wave
   167 | D        | Noticed a human
   167 | D        | Noticed a water elemental
   170 | D        | Noticed a human
   176 | D        | Killed a human
   177 | D        | Reached skill level 5 in Stealth
   177 | D        | Reached skill level 8 in Fire Magic
   177 | D        | Reached XP level 5. HP: 26/32 MP: 10/13
   177 | D        | Reached XP level 6. HP: 30/37 MP: 11/15
   190 | D        | Killed a human
   191 | D        | Reached skill level 1 in Fighting
   191 | D        | Reached skill level 9 in Fire Magic
   217 | D        | Found a hide-covered altar of Uskayaw.
   217 | D        | Found a bloodstained altar of Trog.
   217 | D        | Found an ornate altar of the Wu Jian Council.
   220 | D        | Found a radiant altar of Vehumet.
   220 | D        | Found a shimmering blue altar of Sif Muna.
   220 | D        | Found an ancient bone altar of Kikubaaqudgha.
   223 | D        | Reached XP level 7. HP: 27/43 MP: 14/18
   230 | D        | Became a worshipper of Sif Muna the Loreminder
   233 | D        | Learned a level 1 spell: Summon Small Mammal
   235 | D        | Found an iron altar of Okawaru.
   284 | D        | Found a glowing silver altar of Zin.
   284 | D        | Found a glowing golden altar of the Shining One.
   284 | D        | Found a white marble altar of Elyvilon.
   284 | D        | Noticed a deep elf pyromancer
   285 | D        | Noticed a fire elemental
   285 | D        | Noticed a fire elemental
   290 | D        | Reached XP level 8. HP: 48/48 MP: 14/19
   301 | D        | Slain by a fire elemental

Illustrated notes

Levels and vault maps discovered:
D:        dungeon_sprint_mu [sprint_mu_entry_cave, sprint_mu_temple_rooms,
          sprint_mu_d1_horrors, sprint_mu_d2_genie, sprint_mu_d3_branching,
          sprint_mu_orc_legion, sprint_mu_elf_gauntlet, sprint_mu_hive_nellie,
          sprint_mu_lair_fedhas, sprint_mu_vaults_butterflies,
          sprint_mu_slime_circle, sprint_mu_swamp_cave, sprint_mu_shoals_kraken,
          sprint_mu_blade_basic, sprint_mu_crypt_chambers,
          sprint_mu_tomb_spiral, sprint_mu_vestibule_basic,
          sprint_mu_gehenna_hellfire, sprint_mu_dis_giant,
          sprint_mu_tartarus_statrot, sprint_mu_cocytus_islands, sprint_mu_zot1]

Skill      XL: |  1  2  3  4  5  6  7 |
---------------+----------------------+-----
Stealth        | 3 4 5 6 |  6.2
Spellcasting   | 3 4 6 7 |  7.9
Fire Magic     | 5 6 8 9 |  9.6
Dodging        | 3 4 |  4.9
Conjurations   | 3 4 |  4.9
Fighting       | 1 |  1.1
Unarmed Combat | 8 |  8.8

Action                     |  1- 3 |  4- 6 |  7- 9 || total
---------------------------+-------+-------+-------++-------
  Melee: Unarmed           |     2 |     7 |     2 ||    11
         Tentacles         |     1 |     1 |     2 ||     4
         Constrict         |     1 |     1 |       ||     2
         Bite              |       |     2 |       ||     2
         Dagger            |       |     1 |     2 ||     3
   Cast: Foxfire           |     8 |       |       ||     8
         Scorch            |       |     6 |     3 ||     9
         Flame Wave        |       |     2 |       ||     2
         Summon Small Mamm |       |       |     3 ||     3
         Inner Flame       |       |       |     2 ||     2
    Use: Potion            |     1 |     6 |     2 ||     9
         Scroll            |       |       |     1 ||     1
   Stab: Sleeping          |       |     1 |     1 ||     2
 Armour: Skin              |       |     1 |     1 ||     2
  Dodge: Dodged            |     4 |     8 |    10 ||    22

Table legend: (Time is in decaauts)
 A = Elapsed time spent in this place.
 B = Non-inter-level travel time spent in this place.
 C = Inter-level travel time spent in this place.
 D = Time resting spent in this place.
 E = Time spent auto-exploring this place.
 F = Levels seen in this place.
 G = Mean time per level.
                   A        B        C        D        E       F      G
               +--------+--------+--------+--------+--------+-----+--------+
         Total |    291 |    291 |      0 |     90 |      0 |   1 |  291.0 |
       Dungeon |    291 |    291 |      0 |     90 |      0 |   1 |  291.0 |
               +--------+--------+--------+--------+--------+-----+--------+

Top non-repeatable levels by time:
       D: 291 daAuts
